 Dungeon Crawl Stone Soup version 0.27-b1-23-g44b8eac545 (webtiles) character file.

Game seed: 11081322022179853789

85305 ABBCCCDDDD the Fighter (level 15, -2/99 HPs)
             Began as a Gargoyle Summoner on July 27, 2021.
             Was a High Priest of Qazlal.
             Shot with a bolt by a naga sharpshooter (17 damage)
             ... led by Vashnia
             ... on level 3 of the Snake Pit.
             The game lasted 00:54:14 (22212 turns).

ABBCCCDDDD the Fighter (Gargoyle Summoner)         Turns: 22212, Time: 00:54:14

Health: -2/99      AC: 36    Str: 22    XL:     15   Next: 83%
Magic:  22/27      EV: 10    Int: 19    God:    Qazlal [*****.]
Gold:   1234       SH: 11    Dex: 10    Spells: 19/30 levels left

rFire    . . .     SeeInvis +   X - +9 rapier of Iconoclasm {spect, rCorr}
rCold    + . .     Faith    .   R - +0 buckler
rNeg     + . .     Spirit   .   k - +0 ice dragon scales
rPois    ∞         Reflect  .   s - +0 helmet {SInv}
rElec    +         Harm     .   c - +1 cloak
rCorr    +         Rampage  .   v - +2 pair of gloves
Will     +....                  T - +0 pair of boots
Stlth    +.........             w - amulet of regeneration
HPRegen  1.26/turn              N - +4 ring of slaying
MPRegen  0.20/turn              E - ring of the Country {Fire Str+4 Int+3 Slay+2}

@: protected from physical damage, flying, studying Unarmed Combat, repel
missiles
A: sickness immunity, AC +11, big wings, negative energy resistance 1,
electricity resistance, torment resistance 1, petrification resistance
a: Renounce Religion, Upheaval, Elemental Force, Disaster Area


You were on level 3 of the Snake Pit.
You worshipped Qazlal.
Qazlal was extremely pleased with you.
You visited 5 branches of the dungeon, and saw 24 of its levels.

You collected 2291 gold pieces.
You spent 1057 gold pieces at shops.

Inventory:

Hand Weapons
 X - the +9 rapier of Iconoclasm (weapon) {spect, rCorr}
   (You found it on level 10 of the Dungeon)

   When its wielder attacks, the weapon's spirit leaps out and strikes again.
   The spirit shares a part of any damage it takes with its wielder.
   rCorr:     It protects you from acid and corrosion.
Missiles
 x - 12 javelins (quivered)
 L - a throwing net
 W - a curare-tipped dart
Armour
 c - a +1 cloak (worn)
 k - +0 ice dragon scales (worn)
 s - a +0 helmet of see invisible (worn)
 v - a +2 pair of gloves (worn)
 Q - a +2 ring mail of willpower
 R - a +0 buckler (worn)
 T - a +0 pair of boots (worn)
Jewellery
 a - a ring of willpower
 w - an amulet of regeneration (around neck)
 E - the ring of the Country (right hand) {Fire Str+4 Int+3 Slay+2}
   (You acquired it on level 2 of the Lair of Beasts)

   [ring of fire]

   It enhances your fire magic.
   Str:       It affects your strength (+4).
   Int:       It affects your intelligence (+3).
   Slay:      It affects your accuracy & damage with ranged weapons and melee
   (+2).
   rF:        It protects you from fire.
   rC:        It makes you vulnerable to cold.
 N - a +4 ring of slaying (left hand)
 P - a ring of magical power
Wands
 m - a wand of digging (3)
 r - a wand of flame (57)
 G - a wand of mindburst (12)
 O - a wand of iceblast (3)
 Y - a wand of acid (1)
 Z - a wand of charming (8)
Scrolls
 d - 8 scrolls of teleportation
 f - 2 scrolls of noise
 i - 3 scrolls of silence
 j - 5 scrolls of enchant armour
 q - 5 scrolls of enchant weapon
 y - 3 scrolls of torment
 z - 4 scrolls of fog
 A - 4 scrolls of amnesia
 C - 4 scrolls of blinking
 F - 3 scrolls of summoning
 J - 4 scrolls of magic mapping
 S - 2 scrolls of holy word
 U - 3 scrolls of fear
 V - a scroll of brand weapon {unknown}
Potions
 b - a potion of flight
 e - 10 potions of heal wounds
 g - 2 potions of attraction
 h - 3 potions of magic
 l - 13 potions of curing
 n - a potion of berserk rage
 p - 2 potions of lignification
 t - 3 potions of might
 u - 4 potions of ambrosia {unknown}
 B - a potion of invisibility {unknown}
 D - 4 potions of mutation
 H - a potion of cancellation {unknown}
 I - a potion of brilliance
 K - 2 potions of haste {unknown}
 M - 2 potions of resistance {unknown}


   Skills:
 * Level 13.3 Fighting
 - Level 7.0 Short Blades
 - Level 3.0 Polearms
 + Level 11.4 Armour
 - Level 1.5 Dodging
 - Level 5.0 Stealth
 - Level 4.0 Shields
 + Level 8.3 Spellcasting
 + Level 10.8 Summonings
 - Level 6.0 Translocations
 + Level 12.0 Earth Magic
 - Level 10.0 Invocations


You had 19 spell levels left.
You knew the following spells:

 Your Spells              Type           Power      Damage    Failure   Level
a - Summon Small Mammal   Summ           100%       N/A       1%          1
b - Lee's Rapid Deconstr  Erth           26%        3d15*     4%          5
c - Summon Forest         Summ/Tloc      19%        N/A       19%         5

Your spell library contained the following spells:

 Spells                   Type           Power      Damage    Failure   Level
 Apportation              Tloc           60%        N/A       1%          1
 Sandblast                Erth           100%       2d20      1%          1
 Call Imp                 Summ           49%        N/A       1%          2
 Call Canine Familiar     Summ           49%        N/A       1%          3
 Passwall                 Tmut/Erth      25%        N/A       2%          2
 Summon Guardian Golem    Hex/Summ       28%        N/A       7%          3
 Leda's Liquefaction      Hex/Erth       15%        N/A       19%         4
 Passage of Golubria      Tloc           N/A        N/A       19%         4
 Animate Skeleton         Necr           14%        N/A       22%         1
 Corona                   Hex            7%         N/A       22%         1
 Pain                     Necr           28%        1d5       22%         1
 Sting                    Tmut/Pois      28%        1d4       22%         1
 Summon Lightning Spire   Summ/Air       28%        N/A       24%         4
 Poisonous Vapours        Pois/Air       14%        N/A       32%         2
 Shadow Creatures         Summ           N/A        N/A       36%         6
 Dazzling Flash           Conj/Hex       14%        N/A       54%         3
 Tukima's Dance           Hex            7%         N/A       54%         3
 Iskenderun's Mystic Bla  Conj/Tloc      19%        2d6       54%         4
 Summon Mana Viper        Hex/Summ       28%        N/A       54%         5
 Bolt of Magma            Conj/Fire/Erth 17%        4d9       75%         5
 Olgreb's Toxic Radiance  Pois           7%         N/A       91%         4
 Dispersal                Tloc           15%        N/A       96%         6
 Agony                    Necr           7%         N/A       99%         5
 Excruciating Wounds      Necr           3%         N/A       99%         5
 Silence                  Hex/Air        3%         N/A       99%         5
 Yara's Violent Unravell  Hex/Tmut       3%         3d4       99%         5
 Statue Form              Tmut/Erth      Unusable   N/A       N/A         6

Dungeon Overview and Level Annotations

Branches:
Dungeon (12/15)            Temple (1/1) D:6            Lair (6/6) D:10
 Shoals (0/4) Lair:3        Snake (3/4) Lair:3        Slime (0/5) Lair:5
    Orc (2/2) D:10            Elf (0/3) Orc:2

Altars:
Ashenzari
Cheibriados
Dithmenos
Elyvilon
Fedhas
Gozag
Hepliaklqana
Kikubaaqudgha
Makhleb
Nemelex Xobeh
Okawaru
Qazlal
Ru
Sif Muna
Trog
Uskayaw
Vehumet
Wu Jian
Xom
Yredelemnul
Zin
The Shining One
Beogh

Shops:
D:5 **   D:9 (   D:11 *   Orc:1 [   Orc:2 [*!?

Annotations:
D:9 Snorg
Snake:3 Vashnia


Innate Abilities, Weirdness & Mutations

You are immune to sickness and miasma.
Your stone body is resilient. (AC +11)
You are immune to poison.
Your large and strong wings let you fly.
You resist negative energy. (rN+)
You are resistant to electric shocks. (rElec)
You are resistant to unholy torment.
You are immune to petrification.


Message History

Your air elemental hits the naga warrior. x2
The naga sharpshooter shoots a bolt.
The bolt hits you.
Your fire elemental hits the naga warrior.
Your fire elemental burns the naga warrior!
The naga sharpshooter spits poison at you.
You block the splash of poison. You block the naga's attack.
The naga grabs you. The naga constricts you.
Your water elemental barely misses the naga warrior.
The naga sharpshooter unwields a +0 flail.
The naga sharpshooter wields a +0 shortbow.
The naga sharpshooter gestures wildly while chanting.
The naga sharpshooter magically shoots an arrow.
The arrow hits you!
The naga sharpshooter unwields a +2 short sword of venom.
It stops dripping with poison.
The naga sharpshooter wields a +0 arbalest.
The naga sharpshooter gestures wildly while chanting.
The naga sharpshooter magically shoots a bolt.
The bolt hits you!!
* * * LOW HITPOINT WARNING * * *
The naga sharpshooter shoots a bolt.
The bolt hits you.
* * * LOW HITPOINT WARNING * * *
Vashnia says to her squad, "Do not let the Gargoyle escape!"
Vashnia spits poison at you.
The splash of poison hits you but does no damage.
You resist.
Your air elemental hits the naga warrior.
You escape the naga's grasp.
You hear a shout!
Your air elemental fires a burst of electricity at the naga warrior.
The stunning burst hits the naga warrior!
The naga warrior is paralysed.
The stunning burst hits the naga.
The naga is paralysed.
The naga sharpshooter mumbles some strange words.
The naga sharpshooter magically shoots a bolt.
The bolt completely misses you.
The naga sharpshooter mumbles some strange words.
The naga sharpshooter magically shoots a bolt.
The bolt hits you!
You die...

#.........
#.........
##.........
#........#
#........+
#§.......#
#........#
#§.@.....#
######N.○.☼...#
#..°.EN...N.....
#...°EE°.○...NN.
##....°.°...NN...
#.....°.....N....
.........#....N.....
.#####..###........#
#... #........


You could see Vashnia (catching breath), a naga warrior (paralysed, ally
target), 5 naga sharpshooters, a salamander, a naga (strong, paralysed), a
friendly water elemental (summoned), a friendly fire elemental (summoned) and a
friendly air elemental (summoned).

Vanquished Creatures
  An orc warlord (D:10)
  3 naga warriors
  4 hydras
  7 anacondas
  2 boulder beetles (Lair:6)
  4 two-headed ogres
  19 death yaks
  4 shock serpents
  3 naga sharpshooters (Snake:2)
  2 salamander mystics (Snake:1)
  4 naga ritualists
  4 orc knights
  6 mana vipers
  A cyclops (D:12)
  3 salamanders
  2 orc sorcerers (Orc:1)
  An oklob plant (Lair:6)
  12 elephants
  21 black mambas
  2 naga magi
  A merfolk siren (Lair:3)
  A gargoyle (D:10)
  A torpor snail (Lair:5)
  Psyche (D:8)
  8 cane toads
  6 komodo dragons
  4 rime drakes
  A merfolk (Lair:3)
  7 trolls
  4 hornets (Lair:6)
  5 polar bears
  Grinder (D:3)
  A dream sheep (Lair:6)
  9 spriggans (Lair:6)
  A wraith (D:12)
  A steam dragon (Lair:5)
  30 yaks
  3 wyverns
  2 basilisks
  13 nagas
  A warg (Orc:2)
  12 water moccasins
  An acid dragon (Lair:5)
  A swamp drake (Lair:5)
  An ice beast (D:6)
  38 orc warriors
  A sky beast (D:6)
  5 black bears
  A necrophage (D:6)
  4 boggarts (Lair:6)
  11 ogres
  17 centaurs
  23 wolves (Lair:6)
  A phantom (D:4)
  2 kobold brigands (D:9)
  14 bullfrogs
  3 scorpions
  A water moccasin zombie (D:5)
  A gnoll sergeant (D:11)
  4 wights (D:10)
  9 killer bees (D:11)
  4 electric eels
  6 howler monkeys
  4 centaur zombies
  6 hounds
  2 gnoll shamans (D:5)
  9 orc priests
  Crazy Yiuf (D:2)
  4 jellies
  2 centaur skeletons
  24 orc wizards
  An iguana (D:6)
  4 hell rats
  2 killer bee zombies
  A hound skeleton (D:5)
  A howler monkey zombie (D:9)
  5 adders
  17 gnolls
  A howler monkey skeleton (D:5)
  7 river rats (Lair:3)
  A white imp (D:8)
  An adder skeleton (D:4)
  3 dart slugs
  64 orcs
  4 endoplasms
  7 goblins
  7 hobgoblins
  3 quokkas
  4 ball pythons
  4 bats
  2 frilled lizards
  12 kobolds
  A quokka skeleton (D:4)
  9 rats
  A bush (Lair:6)
580 creatures vanquished.

Vanquished Creatures (collateral kills)
  A hydra (Lair:6)
  2 cane toads (Lair:6)
  2 komodo dragons
  A hornet (Lair:6)
  3 spriggans (Lair:6)
  3 yaks
  An orc warrior (Orc:1)
  An ogre (D:4)
  An orc priest (Orc:2)
  4 hell rats (Lair:6)
  5 gnolls
  An adder (D:2)
  A dart slug (D:1)
  An orc (Orc:1)
  2 bats (D:1)
  A giant cockroach (D:1)
  3 hobgoblins (D:1)
  A quokka (D:2)
  A frilled lizard (D:1)
35 creatures vanquished.

Vanquished Creatures (others)
  An orc (D:8)
  8 demonic plants (D:2)
  31 fungi
  50 plants
  6 withered plants (D:2)
96 creatures vanquished.

Grand Total: 711 creatures vanquished

Notes
Turn   | Place    | Note
-------+----------+-------------------------------------------
     0 | D:1      | ABBCCCDDDD the Gargoyle Summoner began the quest for the
                  | Orb.
     0 | D:1      | Reached XP level 1. HP: 10/10 MP: 3/3
    18 | D:1      | You fall into a shaft and drop 1 floor!
   245 | D:1      | Reached skill level 1 in Fighting
   245 | D:1      | Reached XP level 2. HP: 16/16 MP: 0/5
  1140 | D:2      | Reached skill level 2 in Fighting
  1140 | D:2      | Reached XP level 3. HP: 20/21 MP: 2/6
  1636 | D:2      | Found a faded altar of an unknown god.
  1806 | D:2      | Found a runed translucent door.
  1807 | D:2      | Noticed Crazy Yiuf
  1965 | D:2      | Reached XP level 4. HP: 26/27 MP: 7/7
  2753 | D:2      | Reached skill level 3 in Fighting
  3219 | D:2      | Reached XP level 5. HP: 32/32 MP: 6/8
  3256 | D:2      | Killed Crazy Yiuf
  3311 | D:3      | Noticed an ogre
  3323 | D:3      | Killed an ogre
  3324 | D:3      | Reached skill level 4 in Fighting
  3324 | D:3      | Reached skill level 5 in Stealth
  3324 | D:3      | Reached XP level 6. HP: 16/39 MP: 9/9
  3931 | D:3      | Noticed Grinder
  3940 | D:3      | Paralysed by Grinder for 4 turns
  3967 | D:3      | Killed Grinder
  3968 | D:3      | Reached skill level 6 in Fighting
  3968 | D:3      | Reached XP level 7. HP: 23/46 MP: 10/10
  4285 | D:3      | Found a shimmering altar of Xom.
  4682 | D:4      | Reached skill level 1 in Armour
  4704 | D:4      | Reached skill level 1 in Polearms
  5239 | D:4      | Reached skill level 7 in Fighting
  5628 | D:5      | Entered Level 5 of the Dungeon
  5719 | D:5      | Reached XP level 8. HP: 42/53 MP: 11/11
  6061 | D:5      | Reached skill level 8 in Fighting
  6122 | D:5      | Found Qyel's General Store.
  6141 | D:5      | Found Edutyuf's Specific Store.
  6149 | D:5      | Bought a potion of heal wounds for 55 gold pieces
  6149 | D:5      | Bought a scroll of teleportation for 33 gold pieces
  6149 | D:5      | Bought a scroll of identify for 22 gold pieces
  6282 | D:5      | Learned a level 5 spell: Lee's Rapid Deconstruction
  6307 | D:5      | Reached skill level 1 in Earth Magic
  6823 | D:6      | Reached skill level 5 in Armour
  6896 | D:6      | Found a sacrificial altar of Ru.
  6915 | D:6      | Found a staircase to the Ecumenical Temple.
  6928 | Temple   | Entered the Ecumenical Temple
  7019 | Temple   | Became a worshipper of Qazlal Stormbringer
  7067 | D:6      | Reached XP level 9. HP: 46/60 MP: 12/12
  7259 | D:6      | Reached skill level 9 in Fighting
  7390 | D:6      | Found an opulent altar of Gozag.
  7416 | D:6      | Found a burning altar of Makhleb.
  7924 | D:7      | Found a hazy altar of Hepliaklqana.
  8350 | D:7      | Found an ornate altar of the Wu Jian Council.
  8491 | D:7      | Learned a level 5 spell: Summon Forest
  8707 | D:8      | Reached * piety under Qazlal
  8761 | D:8      | Noticed Psyche
  8780 | D:8      | Killed Psyche
  8781 | D:8      | Reached skill level 1 in Translocations
  8781 | D:8      | Reached skill level 5 in Earth Magic
  9064 | D:8      | Found a shadowy altar of Dithmenos.
  9758 | D:9      | Reached XP level 10. HP: 66/67 MP: 13/13
 10042 | D:9      | Reached skill level 5 in Summonings
 10051 | D:9      | Reached ** piety under Qazlal
 10142 | D:9      | Found a basalt altar of Yredelemnul.
 10491 | D:9      | Found Tefaac's Weapon Emporium.
 10641 | D:10     | Entered Level 10 of the Dungeon
 10641 | D:10     | Noticed Snorg
 10848 | D:10     | Noticed a two-headed ogre
 10875 | D:10     | Reached skill level 10 in Fighting
 10926 | D:10     | Killed a two-headed ogre
 11059 | D:10     | Found a staircase to the Orcish Mines.
 11087 | D:10     | Found a staircase to the Lair.
 11237 | D:10     | Identified the +0 ring mail of Privacy {rPois MP+9 Str+4
                  | Int+2}
 11313 | D:10     | Identified the +9 rapier of Iconoclasm {spect, rCorr}
 11371 | D:10     | Reached skill level 1 in Short Blades
 11371 | D:10     | Reached XP level 11. HP: 70/72 MP: 16/16
 11475 | D:11     | Noticed an eight-headed hydra
 11481 | D:11     | Killed an eight-headed hydra
 11694 | D:11     | Found Wawneir's Assorted Antiques.
 11695 | D:11     | Noticed a two-headed ogre
 11696 | D:11     | Noticed a two-headed ogre
 11702 | D:11     | Killed a two-headed ogre
 11703 | D:11     | Reached skill level 1 in Invocations
 11705 | D:11     | Killed a two-headed ogre
 11718 | D:11     | Bought a viscous dark potion for 25 gold pieces
 12016 | D:12     | Identified the +7 long sword "Noen" {drain, Int+5}
 12134 | D:12     | Noticed a cyclops
 12141 | D:12     | Killed a cyclops
 12181 | Lair:1   | Entered Level 1 of the Lair of Beasts
 12355 | Lair:1   | Reached *** piety under Qazlal
 12921 | Lair:2   | Reached skill level 5 in Spellcasting
 12954 | Lair:2   | Noticed a six-headed hydra
 12964 | Lair:2   | Killed a six-headed hydra
 12965 | Lair:2   | Reached skill level 5 in Short Blades
 13003 | Lair:2   | Reached XP level 12. HP: 64/77 MP: 19/19
 13219 | Lair:2   | Identified a scroll of acquirement
 13220 | Lair:2   | Acquired the ring of the Country {Fire Str+4 Int+3 Slay+2}
 13312 | Lair:2   | Reached skill level 10 in Earth Magic
 13326 | Lair:2   | Reached skill level 5 in Invocations
 14038 | Lair:3   | Found a staircase to the Shoals.
 14103 | Lair:3   | Noticed a death yak
 14103 | Lair:3   | Noticed a death yak
 14103 | Lair:3   | Noticed a death yak
 14105 | Lair:3   | Noticed a death yak
 14116 | Lair:3   | Killed a death yak
 14128 | Lair:3   | Killed a death yak
 14148 | Lair:3   | Killed a death yak
 14241 | Lair:3   | Reached **** piety under Qazlal
 14351 | Lair:3   | Found a staircase to the Snake Pit.
 14413 | Lair:3   | Killed a death yak
 14706 | Lair:3   | Noticed a death yak
 14707 | Lair:3   | Noticed a death yak
 14708 | Lair:3   | Noticed a death yak
 14708 | Lair:3   | Noticed a death yak
 14708 | Lair:3   | Noticed a death yak
 14710 | Lair:3   | Noticed a death yak
 14721 | Lair:3   | Killed a death yak
 14794 | Lair:3   | Killed a death yak
 14795 | Lair:3   | Reached skill level 5 in Translocations
 14798 | Lair:3   | Killed a death yak
 14799 | Lair:3   | Reached XP level 13. HP: 70/83 MP: 21/21
 15312 | Lair:4   | Reached skill level 11 in Fighting
 15772 | Lair:5   | You fall into a shaft and drop 1 floor!
 15772 | Lair:6   | Entered Level 6 of the Lair of Beasts
 16141 | Lair:5   | Found a staircase to the Slime Pits.
 16207 | Lair:5   | Got Uteurore's Handbook of the Voyage
 16964 | Lair:6   | Gained mutation: Your large and strong wings let you fly.
                  | [Gargoyle growth]
 16964 | Lair:6   | Reached XP level 14. HP: 90/90 MP: 24/24
 17203 | Lair:6   | Reached skill level 10 in Armour
 17297 | Lair:6   | Reached skill level 10 in Summonings
 17320 | Lair:6   | Reached skill level 12 in Fighting
 17325 | Lair:6   | Reached ***** piety under Qazlal
 18141 | Orc:1    | Entered Level 1 of the Orcish Mines
 18153 | Orc:1    | Noticed an orc warlord
 18288 | D:10     | Killed an orc warlord
 18518 | Orc:2    | Entered Level 2 of the Orcish Mines
 18821 | Orc:2    | Found a staircase to the Elven Halls.
 18876 | Orc:2    | Found Iromn's Distillery.
 18876 | Orc:2    | Found Kixt's Assorted Antiques.
 18879 | Orc:2    | Found Baloivis's Armour Boutique.
 18881 | Orc:2    | Found Majiat's Magic Scroll Emporium.
 18923 | Orc:2    | Bought a potion of heal wounds for 95 gold pieces
 18940 | Orc:2    | Bought a potion of berserk rage for 55 gold pieces
 18940 | Orc:2    | Bought a potion of brilliance for 44 gold pieces
 18940 | Orc:2    | Bought a potion of lignification for 33 gold pieces
 18940 | Orc:2    | Bought a potion of mutation for 88 gold pieces
 18940 | Orc:2    | Bought 2 potions of heal wounds for 110 gold pieces
 18946 | Orc:2    | Bought a scroll of teleportation for 48 gold pieces
 18946 | Orc:2    | Bought a scroll of magic mapping for 56 gold pieces
 18979 | Orc:2    | Bought a +0 buckler for 63 gold pieces
 19556 | Orc:1    | Reached skill level 1 in Shields
 19599 | Orc:1    | Reached XP level 15. HP: 64/97 MP: 26/26
 19667 | Orc:1    | Found Ceapluuk's Antique Armour Emporium.
 19677 | Orc:1    | Bought an embroidered cloak for 165 gold pieces
 19677 | Orc:1    | Bought a glowing helmet for 165 gold pieces
 20125 | Snake:1  | Entered Level 1 of the Snake Pit
 20627 | Snake:1  | Reached skill level 10 in Invocations
 21475 | Snake:2  | Reached skill level 13 in Fighting
 22210 | Snake:3  | Noticed Vashnia
 22212 | Snake:3  | Shot with a bolt by a naga sharpshooter

Illustrated notes

Levels and vault maps discovered:
D:1:      lightli_arrival_isolated_outpost, layout_basic,
          minmay_misc_feat_doors, chequers_serial_rivers_marsh
D:2:      layout_loops_ring, shapermc_ecumenical_altar_gd,
          minmay_misc_feat_pillars, ebering_dispersal_statue_hall,
          uniq_crazy_yiuf_cottage
D:3:      layout_loops_cross, mainiacjoe_overflow_alcove_4,
          minmay_misc_feat_room, kennysheep_cross_room, uniq_grinder
D:4:      layout_loops_cross
D:5:      layout_rooms, grunt_ministairs_13, nicolae_specific_store
D:6:      layout_rooms, mainiacjoe_overflow_cross_hatched,
          mainiacjoe_overflow_two_lobes, minmay_temple_entry_slanted
D:7:      layout_loops_ring, lemuel_round_altar, kennysheep_little_box
D:8:      layout_loops_ring, nicolae_dithmenos_through_a_glass_darkly,
          uniq_psyche
D:9:      layout_basic, mainiacjoe_overflow_surrounded_room, serial_shops,
          shop_fountains
D:10:     layout_rooms, david_lair_generic, orc_0_dummy, uniq_snorg
D:11:     layout_cave_pools, serial_shops, shop, eino_tiny_chamber
D:12:     layout_basic
Temple:   nicolae_temple_great_sept
Lair:1:   layout_cellular_growth
Lair:2:   layout_small_grid
Lair:3:   layout_loops_ring, elwin_shoals_entry_rooms,
          guppyfry_snake_entry_island, kennysheep_abandoned_house,
          infiniplex_staircase_pool, serial_bayou_shore_a
Lair:4:   layout_gridlike, cheibrodos_lair_caveside_slide, grunt_megastairs_5
Lair:5:   layout_gridlike, dpeg_slime_entry_corner,
          nicolae_quartered_pool_medium, guppyfry_lair_drakes
Lair:6:   minmay_lair_end_enchanted_forest, layout_long_grid,
          chequers_serial_rivers_marsh, minmay_lair_oklob_bushes,
          lemuel_fruit_tree, grunt_megastairs_4
Snake:1:  layout_chambers, nicolae_snake_salamander_stairs
Snake:2:  layout_cave_shapes, nicolae_snake_coiling_death
Snake:3:  layout_cave_town, serial_shops, shop_statue, grunt_megastairs_2,
          uniq_vashnia
Orc:1:    layout_caves, basic_altar, serial_shops, nicolae_shop_trees
Orc:2:    st_orc_rangers, layout_diamond_mine, basic_altar

Skill      XL: |  1  2  3  4  5  6  7  8  9 10 11 12 13 14 15 |
---------------+----------------------------------------------+-----
Fighting       | 1 2 3 4 6 7 8 9 10 11 12 13 | 13.3
Stealth        | 3 4 5 |  5.0
Armour         | 2 5 6 7 8 9 10 11 | 11.4
Polearms       | 2 3 |  3.0
Earth Magic    | 3 5 8 9 10 11 12 | 12.0
Summonings     | 4 6 7 8 9 10 | 10.8
Translocations | 1 4 5 6 |  6.0
Spellcasting   | 3 5 7 8 |  8.3
Short Blades   | 1 5 7 |  7.0
Invocations    | 3 6 7 9 10 | 10.0
Shields        | 1 4 |  4.0
Dodging        | |  1.5

Action                   |  1- 3 |  4- 6 |  7- 9 | 10-12 | 13-15 || total
-------------------------+-------+-------+-------+-------+-------++-------
Melee: Dagger            |    91 |    23 |       |       |       ||   114
       Unarmed           |     5 |       |       |       |       ||     5
       Rapier            |     2 |       |       |   275 |   709 ||   986
       Spear             |       |    65 |   489 |   201 |       ||   755
Throw: Dart              |       |       |       |     6 |       ||     6
 Cast: Summon Small Mamm |    29 |    33 |    35 |    12 |       ||   109
       Lee's Rapid Decon |       |       |       |       |     7 ||     7
       Summon Forest     |       |       |       |       |     1 ||     1
Invok: Elemental Force   |       |       |       |       |     5 ||     5
       Upheaval          |       |       |       |       |     3 ||     3
       Disaster Area     |       |       |       |       |     2 ||     2
Evoke: Wand              |       |       |       |     9 |    12 ||    21
  Use: Scroll            |       |       |     9 |     9 |     6 ||    24
       Potion            |       |       |       |       |     1 ||     1
 Stab: Sleeping          |     5 |     3 |     3 |       |       ||    11
       Distracted        |       |       |     1 |       |     7 ||     8
       Paralysed         |       |       |       |       |     1 ||     1
Armor: Robe              |    29 |     2 |       |       |       ||    31
       Ring mail         |       |    27 |   223 |   238 |   303 ||   791
       Ice dragon scales |       |       |       |       |    39 ||    39
Dodge: Dodged            |    57 |    28 |   193 |   197 |   335 ||   810
       Repelled          |       |       |       |     2 |    10 ||    12
Block: Other             |       |       |     4 |    42 |   106 ||   152
       Buckler           |       |       |       |       |   136 ||   136
